 Dungeon Crawl Stone Soup version 0.28-a0-1356-g2ad6d04315 (webtiles) character file.

Game seed: 5613458660162596857

18592 browni3141 the Severer (level 12, -2/86 HPs)
             Began as a Palentonga Berserker on Dec 31, 2021.
             Was a High Priest of Trog.
             Slain by an orc knight (8 damage)
             ... on level 2 of the Orcish Mines.
             The game lasted 00:21:21 (14884 turns).

browni3141 the Severer (Palentonga Berserker)      Turns: 14884, Time: 00:21:21

Health: -2/86      AC: 22    Str: 20    XL:     12   Next: 29%
Magic:  12/12      EV: 10    Int:  9    God:    Trog [*****.]
Gold:   1908       SH:  0    Dex: 14    Spells: 11/11 levels left

rFire   . . .      SeeInvis +   r - +7 executioner's axe (vorpal)
rCold   . . .      Faith    .   (shield currently unavailable)
rNeg    . . .      Spirit   .   m - +1 chain mail {Will+}
rPois   .          Reflect  .   B - +2 helmet
rElec   .          Harm     .   A - +0 cloak
rCorr   .          Rampage  .   d - +2 pair of gloves
Will    +....                   (no barding)
Stlth   ..........              (no amulet)
HPRegen 0.24/turn               t - ring of flight
MPRegen 0.13/turn               J - +4 ring of evasion

@: on berserk cooldown, flying, slowed, curled up, very slow
A: large, rugged brown scales 3, see invisible, deformed body, roll 1, armoured
tail, reflexive curl
a: Rolling Charge, Renounce Religion, Berserk, Trog's Hand, Brothers in Arms


You were on level 2 of the Orcish Mines.
You worshipped Trog.
Trog was extremely pleased with you.
You visited 2 branches of the dungeon, and saw 12 of its levels.
You also visited: Ossuary.

You collected 1908 gold pieces.

Inventory:

Hand Weapons
 r - a +7 vorpal executioner's axe (weapon)
Missiles
 a - 3 curare-tipped darts
 F - a throwing net
 K - 27 poisoned darts
Armour
 b - a +1 pair of gloves
 d - a +2 pair of gloves (worn)
 m - a +1 chain mail of willpower (worn)
 w - a +0 pair of gloves
 A - a +0 cloak (worn)
 B - a +2 helmet (worn)
Jewellery
 t - a ring of flight (left hand)
 J - a +4 ring of evasion (right hand)
Wands
 k - a wand of paralysis (12)
 o - a wand of digging (3)
 G - a wand of mindburst (8)
Scrolls
 c - 4 scrolls of teleportation
 g - a scroll of fear
 i - 5 scrolls of amnesia
 n - 3 scrolls of immolation
 q - a scroll of enchant armour
 s - 2 scrolls of fog
 u - a scroll of brand weapon
 y - a scroll of vulnerability
 C - 2 scrolls of summoning
 E - a scroll of blinking
 L - a scroll of magic mapping
Potions
 e - a potion of haste
 f - 3 potions of flight
 l - a potion of might
 p - 2 potions of heal wounds {unknown}
 v - a potion of cancellation {unknown}
 x - a potion of brilliance {unknown}
 z - 2 potions of mutation {unknown}
 D - a potion of resistance {unknown}
 H - 2 potions of curing {unknown}
 M - a potion of degeneration {unknown}


   Skills:
 - Level 3.0 Fighting
 * Level 19.9 Axes
 - Level 1.5 Armour
 - Level 1.5 Dodging


You had 11 spell levels left.
You didn't know any spells.
Your spell library was empty.

Dungeon Overview and Level Annotations

Branches:
Dungeon (10/15)            Temple (0/1) D:6            Lair (0/6) D:10
    Orc (2/2) D:9             Elf (0/3) Orc:2       Ossuary (visited)

Altars:
Ashenzari
Elyvilon
Gozag
Hepliaklqana
Kikubaaqudgha
Ru
Trog
Uskayaw
Xom
Yredelemnul

Annotations:
D:8 exclusion: ice statue


Innate Abilities, Weirdness & Mutations

You are completely covered in rugged brown scales. (AC +3, +7% HP)
You have supernaturally acute eyesight. (SInv)
Armour fits poorly on your strangely shaped body.
You can roll at nearby foes to attack.
You have a long armoured tail.
You curl defensively after being hit. (AC +7*)


Message History

Trog grants you a weapon! Something appears at your feet!
You see here a +1 antimagic falchion.
The orc priest calls down the wrath of Beogh upon you.
Beogh smites you!
Items here: )))) [[ †††.
You slash the orc priest!
Your tail-slap misses the orc priest.
The orc priest is almost dead.
The orc priest hits you with a +0 club.
You closely miss the orc priest.
The orc priest is almost dead.
The orc knight shoots a bolt.
The bolt hits you!!
* * * LOW HITPOINT WARNING * * *
You slice the orc priest!!
You kill the orc priest!
Trog accepts your kill.
The orc knight shoots a bolt.
The bolt hits you!
* * * LOW HITPOINT WARNING * * *
You are too berserk!
You are too berserk!
Things that are here:
a +0 halberd; a +0 chain mail; 20 gold pieces You slash the orc knight!
Your tail-slap misses the orc knight.
The orc knight is moderately wounded.
The orc knight unwields a +0 arbalest.
The orc knight wields a +0 great sword.
The orc knight hits you with a +0 great sword!
* * * LOW HITPOINT WARNING * * *
Things that are here:
a +1 antimagic falchion; a +0 dagger; a +0 robe You feel a strong urge to attack something.
The orc knight unwields a +0 great sword.
The orc knight wields a +0 arbalest.
The orc knight shoots a bolt.
The bolt closely misses you.
Things that are here:
a +1 antimagic falchion; a +0 dagger; a +0 robe You feel your anger nearly subside.
You are no longer berserk.
You are exhausted.
You feel yourself slow down.
The orc knight unwields a +0 arbalest.
The orc knight wields a +0 great sword.
The orc knight hits you with a +0 great sword!
You die...

.. ................#
..
....................##
..
.....^..............##
##
.....................#
#
....................##
.....................#
.....................#
......o)...$.......$##
.......@)...)........#
....>..)))...........#
....................##
.....................#
.................))..#
...#............)))..#
..##.................#
..#..................#
#.................##


You could see an orc knight.

Vanquished Creatures
  An orc warlord (Orc:1)
  A centaur warrior (D:9)
  4 two-headed ogres
  2 death yaks
  An orc knight (Orc:1)
  3 orc sorcerers
  Maggie (D:7)
  A komodo dragon (D:10)
  7 ice devils (D:8)
  Grinder (D:3)
  2 wraiths (Ossuary)
  A vampire (D:9)
  10 yaks
  A steam dragon (D:7)
  7 wargs
  An acid dragon (D:5)
  2 water moccasins
  Duvessa (D:4)
  13 orc warriors
  4 black bears
  2 necrophages
  8 ogres
  2 centaurs
  A phantom (D:5)
  4 gnoll sergeants
  5 kobold brigands
  7 bullfrogs
  2 scorpions (D:5)
  Dowan (D:4)
  A water moccasin skeleton (D:4)
  14 killer bees (D:9)
  8 wights
  A bullfrog zombie (D:4)
  3 centaur zombies
  3 hounds
  A jelly (D:8)
  12 orc priests
  2 gnoll shamans (D:6)
  2 bullfrog skeletons
  11 orc wizards
  Natasha (thrice) (D:3)
  A killer bee zombie (D:5)
  A hound zombie (D:5)
  A howler monkey skeleton (D:4)
  4 adders
  27 gnolls
  2 shadow imps
  A white imp (D:7)
  6 ufetubi
  An adder zombie (Ossuary)
  An adder skeleton (D:4)
  7 worms
  4 dart slugs
  46 orcs
  7 ball pythons
  4 bats
  3 endoplasms
  2 giant cockroaches
  8 goblins
  10 hobgoblins
  8 jackals
  3 quokkas
  2 ball python skeletons (Ossuary)
  2 frilled lizards
  A hobgoblin skeleton (Ossuary)
  A hobgoblin zombie (Ossuary)
  26 kobolds
  A kobold zombie (Ossuary)
  An orc zombie (Ossuary)
  14 rats
352 creatures vanquished.

Vanquished Creatures (others)
  24 plants (D:6)
24 creatures vanquished.

Grand Total: 376 creatures vanquished

Notes
Turn   | Place    | Note
-------+----------+-------------------------------------------
     0 | D:1      | browni3141 the Palentonga Berserker began the quest for the
                  | Orb.
     0 | D:1      | Reached XP level 1. HP: 19/19 MP: 1/1
    79 | D:1      | Reached XP level 2. HP: 18/25 MP: 2/2
   315 | D:1      | Reached skill level 4 in Axes
   525 | D:1      | Reached XP level 3. HP: 31/31 MP: 3/3
   984 | D:2      | Reached ** piety under Trog
  1082 | D:2      | Found a faded altar of an unknown god.
  1153 | D:2      | Reached XP level 4. HP: 29/37 MP: 4/4
  1314 | D:2      | Reached skill level 5 in Axes
  1925 | D:3      | Noticed Grinder
  1936 | D:3      | Killed Grinder
  1937 | D:3      | Reached skill level 6 in Axes
  1937 | D:3      | Reached XP level 5. HP: 43/43 MP: 5/5
  1937 | D:3      | Reached XP level 6. HP: 50/50 MP: 6/6
  1945 | D:3      | Found an ancient bone altar of Kikubaaqudgha.
  2015 | D:3      | Reached skill level 7 in Axes
  2205 | D:3      | Noticed Natasha
  2207 | D:3      | Killed Natasha
  2207 | D:3      | Reached *** piety under Trog
  2225 | D:3      | Noticed Natasha
  2227 | D:3      | Found a hazy altar of Hepliaklqana.
  2228 | D:3      | Killed Natasha
  2238 | D:3      | Found a broken altar of Ashenzari.
  2243 | D:3      | Noticed Natasha
  2250 | D:3      | Killed Natasha
  2449 | D:3      | Found a basalt altar of Yredelemnul.
  2624 | D:3      | Found a bloodstained altar of Trog.
  2648 | D:3      | Found an opulent altar of Gozag.
  2779 | D:3      | Found a white marble altar of Elyvilon.
  3056 | D:4      | Reached skill level 8 in Axes
  3056 | D:4      | Gained mutation: You curl defensively after being hit. (AC
                  | +7*) [Palentonga growth]
  3056 | D:4      | Reached XP level 7. HP: 50/55 MP: 7/7
  3188 | D:4      | Found a shimmering altar of Xom.
  3188 | D:4      | Noticed Duvessa
  3188 | D:4      | Noticed Dowan
  3198 | D:4      | Killed Duvessa
  3199 | D:4      | Reached skill level 9 in Axes
  3216 | D:4      | Killed Dowan
  4093 | D:5      | Entered Level 5 of the Dungeon
  4127 | D:5      | Reached XP level 8. HP: 49/62 MP: 8/8
  4324 | D:5      | Reached skill level 10 in Axes
  4664 | D:5      | Reached skill level 11 in Axes
  4930 | D:5      | Found a hide-covered altar of Uskayaw.
  5107 | D:6      | Reached skill level 12 in Axes
  5123 | D:6      | Reached XP level 9. HP: 27/67 MP: 9/9
  5213 | D:6      | Found a sand-covered staircase.
  5220 | Ossuary  | Entered an ossuary
  5901 | D:6      | Reached skill level 13 in Axes
  6015 | D:6      | Found a sacrificial altar of Ru.
  6298 | D:6      | Found a staircase to the Ecumenical Temple.
  6802 | D:6      | Reached **** piety under Trog
  6873 | D:6      | HP: 3/67 [gnoll (1)]
  6874 | D:6      | Reached skill level 14 in Axes
  7987 | D:7      | Identified 2 scrolls of acquirement
  7988 | D:7      | Acquired a +2 vorpal executioner's axe
  7993 | D:7      | Acquired 596 gold pieces
  8438 | D:7      | Reached XP level 10. HP: 74/74 MP: 10/10
  8756 | D:7      | Reached skill level 15 in Axes
  8987 | D:7      | Noticed Maggie
  8999 | D:7      | Killed Maggie
  9698 | D:8      | Noticed a two-headed ogre
  9707 | D:8      | Killed a two-headed ogre
  9708 | D:8      | Reached skill level 16 in Axes
  9855 | D:8      | Noticed an ice statue
 10187 | D:8      | Reached XP level 11. HP: 39/80 MP: 11/11
 10561 | D:8      | Noticed a two-headed ogre
 10570 | D:8      | Killed a two-headed ogre
 10571 | D:8      | Reached skill level 17 in Axes
 10866 | D:9      | Found a staircase to the Orcish Mines.
 10869 | D:9      | Noticed a two-headed ogre
 10870 | D:9      | Noticed a centaur warrior
 11338 | D:9      | Killed a centaur warrior
 11343 | D:9      | Killed a two-headed ogre
 11344 | D:9      | Reached skill level 18 in Axes
 11640 | D:9      | Reached ***** piety under Trog
 12480 | D:10     | Entered Level 10 of the Dungeon
 12668 | D:10     | Noticed a two-headed ogre
 12676 | D:10     | Killed a two-headed ogre
 12739 | D:10     | Identified the +1 robe "Gajeimm" {rC++}
 12862 | D:10     | Noticed a death yak
 12862 | D:10     | Noticed a death yak
 12862 | D:10     | Noticed a death yak
 12862 | D:10     | Noticed a death yak
 12863 | D:10     | Found a staircase to the Lair.
 12863 | D:10     | Noticed a death yak
 12863 | D:10     | Noticed a death yak
 12863 | D:10     | Noticed a death yak
 12863 | D:10     | Noticed a death yak
 12863 | D:10     | Noticed a death yak
 12887 | D:10     | Killed a death yak
 12925 | D:9      | Killed a death yak
 13057 | Orc:1    | Entered Level 1 of the Orcish Mines
 13065 | Orc:1    | Noticed an orc sorcerer
 13066 | Orc:1    | Reached skill level 19 in Axes
 13067 | Orc:1    | Noticed an orc knight
 13074 | Orc:1    | Killed an orc sorcerer
 13081 | Orc:1    | Killed an orc knight
 13173 | Orc:1    | Reached XP level 12. HP: 53/86 MP: 12/12
 13857 | Orc:2    | Entered Level 2 of the Orcish Mines
 13909 | Orc:2    | Noticed an orc warlord
 14054 | Orc:1    | Killed an orc warlord
 14867 | Orc:2    | Found a staircase to the Elven Halls.
 14874 | Orc:2    | Received a gift from Trog
 14884 | Orc:2    | Slain by an orc knight

Illustrated notes

Levels and vault maps discovered:
D:1:      scummos_arrival_star, layout_rooms, palyth_stone_intersect,
          grunt_decor_junction, st_stairs_14, hangedman_glass_teeth,
          minivault_25, nicolae_figureground_pulse
D:2:      layout_loops_ring, chequers_ecumenical_altar_island,
          minmay_tiny_reverse_x
D:3:      layout_loops_cross, nicolae_overflow_crystal_walls,
          mainiacjoe_overflow_catwalk, mainiacjoe_overflow_alcove_2,
          nicolae_overflow_quartered_altars, uniq_grinder, uniq_natasha
D:4:      layout_loops_ring, mainiacjoe_overflow_six_doors_small,
          nicolae_wormholes, uniq_duvessa
D:5:      layout_basic, mainiacjoe_overflow_tiny_flanked
D:6:      kennysheep_housing_project, layout_basic,
          mainiacjoe_overflow_chevrons, minmay_temple_entry_large_hall,
          enter_ossuary_3
D:7:      layout_gridville, uniq_maggie
D:8:      cheibrodos_frozen_isle, layout_basic
D:9:      layout_irregular_city, minmay_orc_entry_guard_dogs
D:10:     layout_basic, dpeg_lair_monsters
Orc:1:    layout_diamond_mine, uniq_harold
Orc:2:    grunt_orc_tribal_feast, layout_diamond_mine

Skill      XL: |  1  2  3  4  5  6  7  8  9 10 11 |
---------------+----------------------------------+-----
Axes           | 4 6 8 9 12 14 16 19 | 19.9
Fighting       | |  3.0
Armour         | |  1.5
Dodging        | |  1.5

Action                   |  1- 3 |  4- 6 |  7- 9 | 10-12 || total
-------------------------+-------+-------+-------+-------++-------
Melee: Hand axe          |    78 |   112 |   130 |       ||   320
       Tailslap          |     8 |     9 |    48 |    39 ||   104
       Battleaxe         |       |       |   155 |       ||   155
       Executioner's axe |       |       |    26 |   283 ||   309
Throw: Dart              |       |       |       |     5 ||     5
Invok: Berserk           |     2 |     3 |    17 |    15 ||    37
       Trog's Hand       |       |     1 |       |     3 ||     4
 Abil: Rolling Charge    |    14 |    35 |    45 |    51 ||   145
Evoke: Wand              |       |       |     7 |    51 ||    58
  Use: Scroll            |     2 |       |    16 |    10 ||    28
 Stab: Sleeping          |       |       |     1 |       ||     1
       Distracted        |       |       |     1 |       ||     1
       Paralysed         |       |       |       |     1 ||     1
Armor: Animal skin       |    29 |    22 |    92 |     9 ||   152
       Steam dragon scal |       |       |       |    20 ||    20
       Chain mail        |       |       |       |    91 ||    91
Dodge: Dodged            |    50 |    28 |   150 |   124 ||   352

Table legend: (Time is in decaauts)
 A = Elapsed time spent in this place.
 B = Non-inter-level travel time spent in this place.
 C = Inter-level travel time spent in this place.
 D = Time resting spent in this place.
 E = Time spent auto-exploring this place.
 F = Levels seen in this place.
 G = Mean time per level.
                   A        B        C        D        E       F      G
               +--------+--------+--------+--------+--------+-----+--------+
         Total |  15232 |  14762 |    470 |   3885 |   8801 |  13 | 1171.7 |
       Dungeon |  12680 |  12256 |    424 |   3378 |   7169 |  10 | 1268.0 |
  Orcish Mines |   1856 |   1810 |     46 |    465 |   1104 |   2 |  928.0 |
       Ossuary |    695 |    695 |      0 |     41 |    527 |   1 |  695.0 |
               +--------+--------+--------+--------+--------+-----+--------+

Top non-repeatable levels by time:
     D:6: 2237 daAuts
     D:8: 2042 daAuts
     D:7: 1425 daAuts
     D:9: 1323 daAuts
     D:4: 1319 daAuts
   Orc:1: 1235 daAuts
     D:1: 1075 daAuts
     D:3: 999 daAuts
     D:5: 934 daAuts
     D:2: 879 daAuts
 Ossuary: 695 daAuts
   Orc:2: 620 daAuts
    D:10: 442 daAuts
